 Dungeon Crawl Stone Soup version 0.22.0-27-ga576289 (webtiles) character file.

15878 Lew the Protected (level 12, -10/77 HPs)
             Began as a Gargoyle Fighter on Aug 23, 2018.
             Was a High Priest of Okawaru.
             Mangled by flestrin's ghost (27 damage)
             ... on level 12 of the Dungeon.
             The game lasted 00:40:30 (13130 turns).

Lew the Protected (Gargoyle Fighter)               Turns: 13130, Time: 00:40:31

Health: -10/77     AC: 28    Str: 26    XL:     12   Next: 31%
Magic:  16/16      EV: 26    Int:  8    God:    Okawaru [*****.]
Gold:   343        SH: 13    Dex:  9    Spells: 11/11 levels left

rFire    + . .     SeeInvis .   w - +2 war axe (freeze)
rCold    . . .     Gourm    .   c - +1 shield
rNeg     + . .     Faith    .   G - +0 steam dragon scales
rPois    ∞         Spirit   .   o - +2 helmet
rElec    +         Reflect  .   A - +0 cloak
rCorr    .         Harm     .   m - +0 pair of gloves
MR       .....     Clarity  +   L - +0 pair of boots
Stlth    +.........             F - amulet of the acrobat
HPRegen  0.22/turn              j - ring of protection from fire
MPRegen  0.15/turn              b - +3 ring of protection

@: about to teleport
A: slimy green scales 1, clarity, negative energy resistance 1, electricity
resistance, unbreathing, petrification resistance, rot immunity, AC +8
a: Heroism, Finesse, Renounce Religion


You were on level 12 of the Dungeon.
You worshipped Okawaru.
Okawaru was extremely pleased with you.
You were not hungry.

You visited 2 branches of the dungeon, and saw 13 of its levels.

You collected 707 gold pieces.
You spent 364 gold pieces at shops.

Inventory:

Hand Weapons
 a - a +5 war axe
 g - a +0 flail of distortion
 w - a +2 war axe of freezing (weapon)
Armour
 c - a +1 shield (worn)
 m - a +0 pair of gloves (worn)
 o - a +2 helmet (worn)
 p - the +0 robe "Zudugrat" {Int+3 Stlth+}
   (Okawaru gifted it to you on level 12 of the Dungeon)

   It affects your intelligence (+3).
   It makes you more stealthy.
 v - a scarf of repulsion
 A - a +0 cloak (worn)
 D - a +0 chain mail
 G - +0 steam dragon scales (worn)
 K - a +0 troll leather armour
 L - a +0 pair of boots (worn)
Jewellery
 b - a +3 ring of protection (right hand)
 j - a ring of protection from fire (left hand)
 E - a cursed ring of teleportation {unknown}
 F - an amulet of the acrobat (around neck)
Wands
 h - a wand of flame (62)
 i - a wand of random effects (48)
 n - a wand of acid (2)
 s - a wand of iceblast (7)
 u - a wand of paralysis (10)
 y - a wand of scattershot (3)
 J - a wand of digging (25)
 M - a wand of polymorph (14)
Scrolls
 k - a scroll of fear
 l - 8 scrolls of teleportation
 q - a scroll of fog
 r - 2 scrolls of remove curse
 t - 2 scrolls of blinking
 B - a scroll of amnesia
Potions
 d - a potion of might
 e - 2 potions of flight
 x - 2 potions of curing
 z - a potion of lignification
 C - 3 potions of agility
 H - a potion of ambrosia
 I - a potion of cancellation
Comestibles
 f - 18 rations


   Skills:
 * Level 10.2 Fighting
 * Level 10.0 Axes
 * Level 10.3 Armour
 + Level 2.5 Dodging
 * Level 10.2 Shields
 + Level 6.2 Invocations


You had 11 spell levels left.
You didn't know any spells.
Your spell library contained the following spells:

 Spells                   Type           Power        Failure   Level  Hunger
 Animate Skeleton         Necr           N/A          63%         1    ##.....
 Apportation              Tloc           #.....       63%         1    ##.....
 Confusing Touch          Hex            #.....       63%         1    ##.....
 Freeze                   Ice            #...         63%         1    ##.....
 Magic Dart               Conj           #...         63%         1    ##.....
 Pain                     Necr           #...         63%         1    ##.....
 Summon Small Mammal      Summ           #...         63%         1    ##.....
 Searing Ray              Conj           #.....       77%         2    ###....
 Throw Frost              Conj/Ice       #.....       77%         2    ###....
 Confuse                  Hex            #.......     94%         3    ####...
 Dazzling Spray           Conj/Hex       #.....       94%         3    ####...
 Gell's Gravitas          Tloc           #.........   94%         3    ####...
 Ozocubu's Armour         Chrm/Ice       #.......     94%         3    ####...
 Regeneration             Chrm/Necr      #.........   94%         3    ####...
 Vampiric Draining        Necr           #.........   94%         3    ####...
 Animate Dead             Necr           N/A          100%        4    #####..
 Force Lance              Conj/Tloc      #.......     100%        4    #####..
 Fulminant Prism          Conj/Hex       #.........   100%        4    #####..
 Iskenderun's Mystic Bla  Conj           #.......     100%        4    #####..
 Petrify                  Tmut/Erth      #.......     100%        4    #####..
 Summon Ice Beast         Ice/Summ       #.......     100%        4    #####..
 Throw Icicle             Conj/Ice       #.......     100%        4    #####..
 Metabolic Englaciation   Hex/Ice        #.........   100%        5    ######.
 Yara's Violent Unravell  Hex/Tmut       #.........   100%        5    ######.


Dungeon Overview and Level Annotations

Branches:
Dungeon (12/15)            Temple (1/1) D:5            Lair (0/6) D:10
    Orc (0/2) D:10

Altars:
Ashenzari
Cheibriados
Dithmenos
Elyvilon
Fedhas
Gozag
Hepliaklqana
Kikubaaqudgha
Makhleb
Nemelex Xobeh
Okawaru
Qazlal
Ru
Sif Muna
Trog
Uskayaw
Vehumet
Wu Jian
Xom
Yredelemnul
Zin
The Shining One

Shops:
D:5 *(!?=   D:7 }   D:11 *

Annotations:
D:12 flestrin's ghost, journeyman TrMo


Innate Abilities, Weirdness & Mutations

You are resistant to torment.
Your stone body is resilient. (AC +8)
You are immune to poison.
You resist negative energy. (rN+)
You are resistant to electric shocks. (rElec)
You can survive without breathing.
You are immune to petrification.
You are immune to rotting.
You are partially covered in slimy green scales. (AC +2)
You possess an exceptional clarity of mind.


Message History

You block flestrin's ghost's attack.
You barely miss flestrin's ghost.
Flestrin's ghost is moderately damaged.
You block flestrin's ghost's attack.
You slash flestrin's ghost! You freeze flestrin's ghost.
Flestrin's ghost is heavily damaged.
Flestrin's ghost hits you!!
* * * LOW HITPOINT WARNING * * *
Okay, then.
Unknown command.
As you read the scroll of fear, it crumbles to dust.
You assume a fearsome visage.
Flestrin's ghost is unaffected.
Flestrin's ghost hits you.
* * * LOW HITPOINT WARNING * * *
As you read the scroll of teleportation, it crumbles to dust.
You feel strangely unstable.
Flestrin's ghost hits you but does no damage.
All of the chunks of flesh in your inventory have rotted away.
Flestrin's ghost hits you!!
You die...

.######[.........###.#
.................# #.###
.................# #.#.######.#
.................###.#.<......#
.......................######.#
.........####......#####
########## #.....###..## #....
###......#≈^#.#
##....##.....@W.#.⌠..##
#.........###...'≈.!).#
#.........# #...')#..##
#.........###...#.%...#
##....##.#......#≈≈≈### #....
#.#.....##.##^# ..... #.#.)...#
## # ..(.. #.#.....# ....
#....#..#


You could see flestrin's ghost.

Vanquished Creatures
  A centaur warrior (D:12)
  Erica (D:8)
  3 two-headed ogres (D:9)
  The ghost of Defined the Cleaver, a novice DsBe of Trog (D:8)
  An unseen horror (D:9)
  Pikel (D:6)
  2 ugly things (D:11)
  3 centaur zombies
  2 komodo dragons
  2 kobold demonologists
  A troll (D:12)
  A hornet (D:9)
  6 slime creatures (D:12)
  3 yaks (D:9)
  4 hungry ghosts
  2 steam dragons
  2 soldier ants (D:10)
  A water moccasin (D:9)
  5 sky beasts
  4 slaves (D:6)
  3 orc warriors
  A black bear (D:8)
  4 ogres
  A hornet zombie (D:7)
  An ice beast (D:10)
  7 centaurs
  The ghost of zapotec the Insei, an amateur DsGl (D:3)
  A phantom (D:12)
  2 big kobolds (D:9)
  A crocodile (D:7)
  A bullfrog (D:12)
  A wyvern skeleton (D:7)
  10 killer bees
  A scorpion (D:9)
  A water moccasin skeleton (D:8)
  8 wights (D:9)
  3 howler monkeys (D:9)
  5 crimson imps
  A quasit (D:9)
  6 jellies
  5 hounds
  2 bullfrog skeletons
  6 orc priests
  Crazy Yiuf (D:6)
  A centaur skeleton (D:9)
  A gnoll shaman (D:9)
  8 orc wizards
  Jessica (D:2)
  An iguana (D:4)
  Ijyb (D:3)
  12 worker ants
  2 hound zombies
  2 hound skeletons
  Robin (D:3)
  15 adders
  10 gnolls
  An ooze (D:1)
  2 adder zombies
  4 worms
  A dart slug (D:2)
  6 leopard geckos
  51 orcs
  16 bats
  16 giant cockroaches
  30 goblins
  16 hobgoblins
  7 jackals
  4 quokkas
  4 ball pythons
  9 frilled lizards
  2 jackal skeletons
  21 kobolds
  A leopard gecko skeleton (D:7)
  10 rats
375 creatures vanquished.

Vanquished Creatures (others)
  A kobold (D:10)
1 creature vanquished.

Grand Total: 376 creatures vanquished

Notes
Turn   | Place    | Note
-------+----------+-------------------------------------------
     0 | D:1      | Lew the Gargoyle Fighter began the quest for the Orb.
     0 | D:1      | Reached XP level 1. HP: 14/14 MP: 1/1
    74 | D:1      | Reached XP level 2. HP: 19/19 MP: 2/2
   220 | D:1      | Reached XP level 3. HP: 23/23 MP: 3/3
   579 | D:2      | Found a glowing golden altar of the Shining One.
   668 | D:2      | Reached XP level 4. HP: 23/29 MP: 4/4
  1214 | D:2      | Noticed Jessica
  1226 | D:2      | Killed Jessica
  1226 | D:2      | Reached XP level 5. HP: 27/33 MP: 5/5
  1709 | D:2      | Found a white marble altar of Elyvilon.
  1712 | D:2      | Found a stormy altar of Qazlal.
  1947 | D:3      | Found a sparkling altar of Nemelex Xobeh.
  2099 | D:3      | Noticed Ijyb
  2111 | D:3      | Killed Ijyb
  2143 | D:3      | Reached XP level 6. HP: 10/39 MP: 6/6
  2486 | D:3      | Found a runed door.
  2744 | D:3      | Noticed Robin
  2755 | D:3      | Killed Robin
  2874 | D:3      | Noticed zapotec's ghost (amateur DsGl)
  2896 | D:3      | Killed zapotec's ghost
  3194 | D:4      | Reached XP level 7. HP: 35/44 MP: 7/7
  3528 | D:4      | Reached skill level 5 in Armour
  3563 | D:4      | Found a stormy altar of Qazlal.
  3569 | D:4      | Reached skill level 5 in Shields
  3582 | D:4      | Reached skill level 5 in Fighting
  3599 | D:4      | Reached skill level 5 in Axes
  3983 | D:4      | Gained mutation: You are partially covered in iridescent scales. (AC +2) [potion of mutation]
  3983 | D:4      | Gained mutation: You are clumsy. (Dex -2) [potion of mutation]
  3983 | D:4      | Lost mutation: You are partially covered in iridescent scales. (AC +2) [potion of mutation]
  3983 | D:4      | Gained mutation: You are partially covered in rugged brown scales. (AC +1, +3% HP) [potion of mutation]
  4004 | D:5      | Entered Level 5 of the Dungeon
  4179 | D:5      | Found Finniw's Distillery.
  4180 | D:5      | Found Deafao's Antique Weapon Boutique.
  4210 | D:5      | Reached XP level 8. HP: 35/50 MP: 8/8
  4408 | D:5      | Found Piwiegoifu's Jewellery Emporium.
  4503 | D:5      | Found Luqig's Magic Scroll Boutique.
  4507 | D:5      | Bought a scroll of remove curse for 30 gold pieces
  4508 | D:5      | Bought a scroll of identify for 20 gold pieces
  4521 | D:5      | Found a sacrificial altar of Ru.
  4593 | D:5      | Found a staircase to the Ecumenical Temple.
  4791 | D:5      | Found Leiri's Assorted Antiques.
  5203 | D:6      | Noticed Pikel
  5234 | D:6      | Killed Pikel
  5234 | D:6      | Reached XP level 9. HP: 27/57 MP: 9/9
  5525 | D:6      | Found a runed door.
  6237 | D:6      | Noticed Crazy Yiuf
  6241 | D:6      | Killed Crazy Yiuf
  6337 | Temple   | Entered the Ecumenical Temple
  6550 | Temple   | Became a worshipper of Warmaster Okawaru
  6618 | D:5      | Bought 2 potions of mutation for 224 gold pieces
  6618 | D:5      | Lost mutation: You are partially covered in rugged brown scales. (AC +1, +3% HP) [potion of mutation]
  6618 | D:5      | Lost mutation: You are clumsy. (Dex -2) [potion of mutation]
  6618 | D:5      | Gained mutation: You have sharp fingernails. [potion of mutation]
  6618 | D:5      | Gained mutation: You are partially covered in rugged brown scales. (AC +1, +3% HP) [potion of mutation]
  6619 | D:5      | Lost mutation: You are partially covered in rugged brown scales. (AC +1, +3% HP) [potion of mutation]
  6619 | D:5      | Lost mutation: You have sharp fingernails. [potion of mutation]
  6619 | D:5      | Gained mutation: Your large and strong wings let you fly indefinitely. [potion of mutation]
  6619 | D:5      | Gained mutation: Scrolls take you a little longer to read. [potion of mutation]
  6619 | D:5      | Gained mutation: You have sharp toenails. [potion of mutation]
  6892 | D:7      | Lost mutation: Scrolls take you a little longer to read. [potion of mutation]
  6892 | D:7      | Lost mutation: Your large and strong wings let you fly indefinitely. [potion of mutation]
  6892 | D:7      | Lost mutation: You have sharp toenails. [potion of mutation]
  6892 | D:7      | Gained mutation: You possess an exceptional clarity of mind. [potion of mutation]
  6892 | D:7      | Gained mutation: You are partially covered in slimy green scales. (AC +2) [potion of mutation]
  7218 | D:7      | Reached * piety under Okawaru
  7484 | D:7      | Found Vudetex's Gadget Boutique.
  7766 | D:8      | Reached skill level 1 in Invocations
  7808 | D:8      | Reached ** piety under Okawaru
  7812 | D:8      | Reached XP level 10. HP: 47/63 MP: 9/11
  7874 | D:8      | Found a runed door.
  7878 | D:8      | Noticed Defined's ghost (novice DsBe)
  7887 | D:8      | Killed Defined's ghost
  7912 | D:8      | Noticed Erica
  7921 | D:8      | Killed Erica
  7934 | D:8      | Reached *** piety under Okawaru
  8383 | D:9      | Noticed a two-headed ogre
  8401 | D:9      | Killed a two-headed ogre
  8851 | D:9      | Reached **** piety under Okawaru
  9084 | D:9      | Noticed a two-headed ogre
  9093 | D:9      | Noticed a two-headed ogre
  9100 | D:9      | Killed a two-headed ogre
  9100 | D:9      | Reached XP level 11. HP: 15/69 MP: 14/14
  9102 | D:9      | Reached ***** piety under Okawaru
  9483 | D:9      | Killed a two-headed ogre
  9483 | D:9      | Received a gift from Okawaru
  9483 | D:9      | Reached skill level 5 in Invocations
  9687 | D:9      | Found a shattered altar of Ashenzari.
  9950 | D:9      | Got a jewelled glaive
  9956 | D:9      | Identified the +3 glaive "Lacertilian's Death" {speed, rPois Stlth+} (You found it on level 9 of the Dungeon)
 10004 | D:10     | Entered Level 10 of the Dungeon
 10004 | D:10     | Found a blossoming altar of Fedhas.
 10206 | D:9      | Reached skill level 1 in Dodging
 10219 | D:9      | Killed an unseen horror
 10885 | D:10     | Found a staircase to the Lair.
 10915 | D:10     | Found a staircase to the Orcish Mines.
 11414 | D:11     | Noticed a brown ugly thing
 11433 | D:11     | Killed a brown ugly thing
 11450 | D:11     | Found Teaz's General Store.
 11458 | D:11     | Bought a scroll of enchant weapon for 90 gold pieces
 11933 | D:11     | Noticed a purple ugly thing
 11948 | D:11     | Killed a purple ugly thing
 12241 | D:12     | Found a large runed door.
 12241 | D:12     | Found a large runed door.
 12268 | D:12     | Received a gift from Okawaru
 12271 | D:12     | Got a steaming robe {god gift}
 12272 | D:12     | Identified the +0 robe "Zudugrat" {Int+3 Stlth+} (Okawaru gifted it to you on level 12 of the Dungeon)
 12346 | D:12     | Noticed a centaur warrior
 12360 | D:12     | Killed a centaur warrior
 12360 | D:12     | Reached skill level 10 in Fighting
 12360 | D:12     | Reached skill level 10 in Armour
 12360 | D:12     | Reached XP level 12. HP: 56/77 MP: 16/16
 12499 | D:12     | Reached skill level 10 in Shields
 12906 | D:12     | Reached skill level 10 in Axes
 13113 | D:12     | Noticed flestrin's ghost (journeyman TrMo)
 13130 | D:12     | Mangled by flestrin's ghost

Skill      XL: |  1  2  3  4  5  6  7  8  9 10 11 12 |
---------------+-------------------------------------+-----
Axes           | 2 3 4 5 6 8 9 10 | 10.0
Fighting       | 4 5 6 7 8 10 | 10.2
Armour         | 4 5 6 7 8 10 | 10.3
Shields        | 4 5 6 7 8 9 10 | 10.2
Invocations    | 1 4 5 6 |  6.2
Dodging        | 2 |  2.5

Action                   |  1- 3 |  4- 6 |  7- 9 | 10-12 || total
-------------------------+-------+-------+-------+-------++-------
Melee: War axe           |   151 |   272 |   477 |   503 ||  1403
       Kick              |       |       |     7 |       ||     7
Invok: Heroism           |       |       |       |     1 ||     1
  Use: Scroll            |       |     9 |     7 |    14 ||    30
       Potion            |       |     5 |     9 |     5 ||    19
 Stab: Invisible         |       |       |     1 |       ||     1
  Eat: Chunk             |       |     3 |     4 |     5 ||    12
       Ration            |       |     1 |     4 |     7 ||    12
Armor: Scale mail        |   107 |   168 |   222 |     7 ||   504
       Chain mail        |       |       |       |   260 ||   260
       Skin              |       |       |       |    29 ||    29
       Plate armour      |       |       |       |     3 ||     3
       Steam dragon scal |       |       |       |    47 ||    47
Dodge: Dodged            |    57 |    97 |   147 |   209 ||   510
Block: Shield            |    97 |   186 |   300 |   378 ||   961
